 Dungeon Crawl Stone Soup version 0.20.1-1-g8b1a95d (webtiles) character file.

162 Linguinho the Vexing (level 5, 21/36 HPs)
             Began as a Demonspawn Enchanter on Oct 30, 2017.
             Was an Initiate of Dithmenos.
             Starved to death
             ... on level 3 of the Dungeon on Oct 31, 2017.
             The game lasted 00:13:02 (2695 turns).

Linguinho the Vexing (Demonspawn Enchanter)         Turns: 2695, Time: 00:13:02

Health: 21/36      AC:  4    Str:  9    XL:     5   Next: 19%
Magic:  9/9        EV: 13    Int: 16    God:    Dithmenos [......]
Gold:   104        SH:  0    Dex: 14    Spells: 3/9 levels left

rFire    + . .     SeeInvis .   g - +4 dagger (drain)
rCold    . . .     Gourm    .   (no shield)
rNeg     + . .     Faith    .   h - +2 robe {rN+}
rPois    .         Spirit   .   (helmet restricted)
rElec    .         Reflect  .   (no cloak)
rCorr    .         Harm     .   (no gloves)
MR       .....                  (no boots)
Stlth    ++........             (no amulet)
Regen    0.2/turn               (no ring)
MPRegen  0.2/turn               (no ring)

@: fainting
A: antennae 2, fire resistance 1
a: Renounce Religion


You were on level 3 of the Dungeon.
You worshipped Dithmenos.
Dithmenos was noncommittal.
You were fainting.

You visited 1 branch of the dungeon, and saw 3 of its levels.

You collected 104 gold pieces.

Inventory:

Hand Weapons
 a - a +1 dagger
 e - a +0 dagger of venom
 g - a +4 dagger of draining (weapon)
Armour
 b - a +0 robe
 h - a +2 robe of positive energy (worn)
Wands
 o - a wand of lightning (6/15)
Scrolls
 f - 5 scrolls of identify {unknown}
 j - a scroll of fear {unknown}
 k - 2 scrolls of magic mapping {unknown}
 m - 2 scrolls of remove curse {unknown}
 n - a scroll of teleportation {unknown}
 q - a scroll of amnesia {unknown}
 r - a scroll of recharging {unknown}
Potions
 i - 4 potions of degeneration {unknown}
 l - a potion of agility {unknown}
 p - a potion of lignification {unknown}
Books
 c - a book of Maledictions

   Spells                             Type                      Level
   a - Corona                         Hexes                        1
   b - Ensorcelled Hibernation        Hexes/Ice                    2
   c - Confuse                        Hexes                        3
   d - Tukima's Dance                 Hexes                        3
   e - Dazzling Spray                 Conjuration/Hexes            3


   Skills:
 + Level 0.6 Fighting
 + Level 1.3 Short Blades
 + Level 2.8 Dodging
 + Level 3.4 Stealth
 + Level 2.9 Spellcasting
 + Level 3.8 Hexes
 + Level 0.5 Ice Magic


You had 3 spell levels left.
You knew the following spells:

 Your Spells              Type           Power        Failure   Level  Hunger
a - Corona                Hex            ##.....      4%          1    #......
b - Ensorcelled Hibernat  Hex/Ice        #.....       12%         2    ##.....
c - Confuse               Hex            ##......     12%         3    ###....


Dungeon Overview and Level Annotations

Branches:
Dungeon (3/15)

Altars:
Dithmenos
Xom
Yredelemnul


Innate Abilities, Weirdness & Mutations

You have a pair of antennae on your head.
Your flesh is heat resistant. (rF+)


Message History

The hungry ghost hits you.
You feel slightly more hungry.
You closely miss the hungry ghost.
The hungry ghost is severely damaged.
The hungry ghost hits you.
You feel slightly more hungry.
You hit the hungry ghost.
The hungry ghost is severely damaged.
The hungry ghost hits you.
You feel slightly more hungry.
You hit the hungry ghost but do no damage.
The hungry ghost is severely damaged.
The hungry ghost hits you.
You feel slightly more hungry.
You completely miss the hungry ghost.
The hungry ghost is severely damaged.
The hungry ghost barely misses you.
You miss the hungry ghost.
The hungry ghost is severely damaged.
The hungry ghost hits you.
You barely miss the hungry ghost.
The hungry ghost is severely damaged.
You have starved to death.
You die...

.....# ##...[.....#
.....#####..........#
...)................#
.....######.........#
.....## #.........#
......# #.........#
#####.### ######.####
#...# #W# ###.## #@#
#..## #.# ##..## ##.#
#.###..# #..#
#......# #.## ##
#####..## #.# ..
##..# #.#
##.#######..###.#
..............#


You could see a hungry ghost.

Vanquished Creatures
  Jessica (D:2)
  Terence (D:2)
  6 adders
  2 worms (D:2)
  2 leopard geckos
  An orc (D:3)
  7 bats
  A giant cockroach (D:1)
  4 hobgoblins
  11 jackals
  4 frilled lizards
  7 goblins
  2 kobolds
  3 rats
52 creatures vanquished.

Vanquished Creatures (others)
  A bush (D:2)
1 creature vanquished.

Grand Total: 53 creatures vanquished

Notes
Turn   | Place    | Note
-------+----------+-------------------------------------------
     0 | D:1      | Linguinho the Demonspawn Enchanter began the quest for the Orb.
     0 | D:1      | Reached XP level 1. HP: 13/13 MP: 3/3
   123 | D:1      | Reached skill level 1 in Short Blades
   705 | D:1      | Gained mutation: Your flesh is heat resistant. (rF+) [demonic ancestry]
   705 | D:1      | Reached XP level 2. HP: 16/19 MP: 5/5
  1056 | D:2      | Noticed Terence
  1072 | D:2      | Killed Terence
  1072 | D:2      | Gained mutation: You have a pair of small antennae on your head. [demonic ancestry]
  1072 | D:2      | Reached XP level 3. HP: 11/24 MP: 1/6
  1287 | D:2      | Noticed Jessica
  1300 | D:2      | Killed Jessica
  1300 | D:2      | Reached XP level 4. HP: 5/31 MP: 4/7
  1585 | D:2      | Learned a level 2 spell: Ensorcelled Hibernation
  1589 | D:2      | Learned a level 3 spell: Confuse
  1813 | D:2      | Found a shadowy altar of Dithmenos.
  1827 | D:2      | Became a worshipper of Dithmenos the Shadowed
  2196 | D:2      | Found a shimmering altar of Xom.
  2197 | D:2      | Found a basalt altar of Yredelemnul.
  2395 | D:3      | Gained mutation: You have a pair of antennae on your head. [demonic ancestry]
  2395 | D:3      | Reached XP level 5. HP: 28/36 MP: 9/9
  2645 | D:3      | Noticed a hungry ghost
  2695 | D:3      | Starved to death

Skill      XL: |  1  2 |
---------------+-------+-----
Short Blades   | 1 |  1.3
Stealth        | 3 |  3.4
Dodging        | 2 |  2.8
Fighting       | |  0.6
Spellcasting   | |  2.9
Hexes          | |  3.8
Ice Magic      | |  0.5

Action                   |  1- 3 |  4- 6 || total
-------------------------+-------+-------++-------
Melee: Dagger            |    70 |   120 ||   190
 Cast: Corona            |    11 |     3 ||    14
       Ensorcelled Hiber |       |    17 ||    17
 Stab: Sleeping          |     3 |     9 ||    12
  Eat: Chunk             |     1 |     5 ||     6
       Bread ration      |       |     1 ||     1
Armor: Robe              |     6 |    35 ||    41
Dodge: Dodged            |    42 |    73 ||   115
